 Dungeon Crawl Stone Soup version 0.18.1-50-g88ac8fd (webtiles) character file.

5474 jerryfan the Nimble (level 10, 0/86 HPs)
             Began as a Grey Draconian Artificer on Sept 28, 2016.
             Was a Priest of Ru.
             Slain by a yak (11 damage)
             ... on level 1 of the Lair of Beasts on Sept 29, 2016.
             The game lasted 01:15:47 (9361 turns).

jerryfan the Nimble (Grey Draconian Artificer)      Turns: 9361, Time: 01:15:50

Health: 0/86       AC: 14    Str: 14    XL:     10   Next: 42%
Magic:  13/13      EV: 16    Int: 14    God:    Ru [***...]
Gold:   527        SH:  0    Dex: 11    Spells: 2 memorised, 7 levels left

rFire  x . .     SeeInvis .     n - +4 dagger (venom)
rCold  + . .     Gourm    .     (armour unavailable)
rNeg   . . .     Faith    .     (no shield)
rPois  .         Spirit   .     (helmet restricted)
rElec  .         Dismiss  .     (no cloak)
rCorr  .         Reflect  .     j - +0 pair of gloves
SustAt .         Harm     .     e - +0 pair of boots
MR     .....                    (no amulet)
Stlth  +++.......               (no ring)
                                A - ring of ice

@: not resistant to hostile enchantments, fairly stealthy
A: walk through water, unfitting armour, clumsy 1, sense surroundings 1, slow
regeneration 1, unbreathing, cold-blooded, hated by all, no fire magic, no
translocations magic, no transmutations magic, AC +12
a: Draw Out Power, Renounce Religion


You were on level 1 of the Lair of Beasts.
You worshipped Ru.
Ru was most pleased with you.
You were not hungry.

You visited 2 branches of the dungeon, and saw 10 of its levels.
You also visited: Sewer.

You collected 527 gold pieces.

Inventory:

Hand Weapons
 h - a +1 dagger of holy wrath
 n - a +4 dagger of venom (weapon)
 p - a +2 quarterstaff of speed
 t - a +0 blowgun
 G - a +0 dagger of distortion
Missiles
 x - 59 poisoned needles
 D - 5 curare-tipped needles
Armour
 e - a +0 pair of boots (worn)
 j - a +0 pair of gloves (worn)
Jewellery
 A - a ring of ice (left hand)
 C - a +3 ring of dexterity {unknown}
 K - a +2 ring of dexterity {unknown}
Wands
 a - a wand of flame (17/48)
 c - a wand of enslavement (3/24)
 d - a wand of random effects (0/48)
 g - a wand of iceblast (0/15)
 q - a wand of flame (0/48)
 E - a wand of flame (1/48)
 I - a wand of slowing (34/48)
 M - a wand of flame (12/48)
 S - a wand of flame (34/48)
 T - a wand of iceblast (7/15)
Scrolls
 b - a scroll of recharging {unknown}
 l - 4 scrolls of teleportation
 r - 2 scrolls of fog
 s - a scroll of magic mapping
 y - 2 scrolls of amnesia
 F - a scroll of random uselessness {unknown}
 J - 5 scrolls of remove curse
 L - a scroll of enchant armour {unknown}
 N - 4 scrolls of identify
 R - a scroll of silence {unknown}
Potions
 k - 2 potions of invisibility
 o - a potion of might
 u - a potion of heal wounds
 z - a potion of cure mutation {unknown}
 P - a potion of degeneration {unknown}
 Q - a potion of magic {unknown}
Books
 m - a book of the Sky

   Spells                             Type                      Level
   a - Summon Lightning Spire         Summoning/Air                4
   b - Airstrike                      Air                          4
   c - Silence                        Hexes/Air                    5
   d - Deflect Missiles               Charms/Air                   6
   e - Conjure Ball Lightning         Conjuration/Air              6
   f - Tornado                        Air                          9
 B - a book of Changes

   Spells                             Type                      Level
   a - Beastly Appendage              Transmutation                1
   b - Sticks to Snakes               Transmutation                2
   c - Spider Form                    Transmutation/Poison         3
   d - Ice Form                       Ice/Transmutation            4
   e - Blade Hands                    Transmutation                5
 H - a book of Minor Magic

   Spells                             Type                      Level
   a - Magic Dart                     Conjuration                  1
   b - Blink                          Translocation                2
   c - Call Imp                       Summoning                    2
   d - Repel Missiles                 Charms/Air                   2
   e - Slow                           Hexes                        2
   f - Conjure Flame                  Conjuration/Fire             3
   g - Mephitic Cloud                 Conjuration/Poison/Air       3
 U - a book of Cantrips

   Spells                             Type                      Level
   a - Corona                         Hexes                        1
   b - Animate Skeleton               Necromancy                   1
   c - Summon Small Mammal            Summoning                    1
   d - Apportation                    Translocation                1
Comestibles
 f - 5 bread rations
 i - 3 beef jerkies
 v - 4 meat rations
 w - 9 royal jellies
 O - 2 chunks of flesh


   Skills:
 * Level 7.1 Fighting
 * Level 7.9 Short Blades
 + Level 0.8 Throwing
 + Level 9.0 Dodging
 * Level 6.2 Stealth
 - Level 4.0 Evocations


You had 7 spell levels left.
You knew the following spells:

 Your Spells              Type           Power        Failure   Level  Hunger
a - Magic Dart            Conj           #...         30%         1    ##.....
b - Corona                Hex            #......      30%         1    ##.....


Dungeon Overview and Level Annotations

Branches:
Dungeon (9/15)             Temple (0/1) D:6            Lair (1/8) D:9
    Orc: D:9-12

Altars:
Ashenzari
Dithmenos
Elyvilon
Fedhas
Gozag
Kikubaaqudgha
Makhleb
Okawaru
Qazlal
Ru
Sif Muna
Trog
Vehumet


Innate Abilities, Weirdness & Mutations

You can walk through water.
Your dull iron-grey scales are very hard (AC +12).
Your body does not fit into most forms of armour.
You are clumsy. (Dex -2)
You regenerate slowly when monsters are visible.
You can survive without breathing.
You are cold-blooded and may be slowed by cold attacks.
You are hated by all.
You cannot study or cast Fire magic.
You cannot study or cast Translocations magic.
You cannot study or cast Transmutations magic.
You passively map a small area around you.


Message History

You focus your will and blind the yak in retribution!
The yak gores you. The yak completely misses you. x2
The yak gores you but does no damage.
You barely miss the river rat. The yak barely misses you. The yak gores you.
The yak gores you!
* * * LOW HITPOINT WARNING * * *
The river rat closely misses you.
You hit the river rat.
The river rat is poisoned.
Your tail-slap misses the river rat.
The river rat is lightly wounded.
The yak gores you.
* * * LOW HITPOINT WARNING * * *
The yak barely misses you.
You hit the river rat.
The river rat looks even sicker.
The river rat is moderately wounded.
You kill the yak!
The yak gores you.
* * * LOW HITPOINT WARNING * * *
The river rat completely misses you. The yak gores you!
You die...

... * *#......#.......#.
,, .., * #,
##.............#.
###..###.....#.......#.
.............#......... ,
,
,########.....#.......#.
#......#.......#. * ,
.########.....#+##+.###.
,......Y.Y...............
, ,
......Y@†...............
,,
.....rrY................
*
........................
*
........................
.............###..P#.###
* ..###P..P....#
##...###. ..
..........#..... ## , *
.....#....##..... # , , ,
... #


You could see 4 yaks and 2 river rats.

Vanquished Creatures
  Pikel (D:7)
  Grinder (D:6)
  A yak (Lair:1)
  Eustachio (D:6)
  3 killer bees (D:7)
  2 hippogriffs
  A water moccasin (Lair:1)
  Duvessa (D:5)
  2 sky beasts (D:8)
  A slave (D:7)
  3 orc warriors
  3 centaurs
  5 ogres
  2 crocodiles (Lair:1)
  Blork the orc (D:6)
  5 big kobolds (Sewer)
  2 giant frogs
  A wyvern skeleton (D:8)
  3 scorpions
  Dowan (D:5)
  3 wights (D:6)
  5 jellies
  3 howler monkeys (D:8)
  2 electric eels (D:7)
  5 crimson imps
  A gnoll shaman (D:5)
  A hound (D:4)
  An orc priest (D:8)
  7 orc wizards
  2 giant frog skeletons (D:6)
  3 iguanas
  7 worker ants
  A hound skeleton (D:4)
  2 worker ant zombies
  6 gnolls
  11 adders
  3 river rats
  2 shadow imps
  12 oozes
  An adder zombie (D:8)
  3 adder skeletons
  7 worms
  A dart slug (D:3)
  9 giant geckos
  29 orcs
  5 ball pythons
  6 giant cockroaches
  6 goblins
  9 hobgoblins
  11 jackals
  3 quokkas
  10 bats
  A giant gecko zombie (D:7)
  2 giant newts
  14 kobolds
  13 rats
  5 fungi
252 creatures vanquished.

Vanquished Creatures (collateral kills)
  A centaur (D:7)
  2 gnolls (D:4)
  A worm (D:2)
  A dart slug (D:4)
  A giant cockroach (D:3)
  A goblin (D:3)
  A hobgoblin (D:3)
  2 jackals (D:2)
  A giant newt (D:2)
  A kobold (Sewer)
12 creatures vanquished.

Vanquished Creatures (others)
  2 slaves (D:7)
  An ogre (D:7)
  A killer bee (D:7)
  A howler monkey (D:7)
  A crimson imp (D:7)
  An orc priest (D:7)
  A worker ant (D:7)
  An adder (D:4)
  A goblin (D:3)
  2 kobolds
  A fungus (D:8)
13 creatures vanquished.

Grand Total: 277 creatures vanquished

Notes
Turn   | Place    | Note
--------------------------------------------------------------
     0 | D:1      | jerryfan the Draconian Artificer began the quest for the Orb.
     0 | D:1      | Reached XP level 1. HP: 16/16 MP: 3/3
   169 | D:1      | Reached skill level 2 in Dodging
   221 | D:1      | Reached XP level 2. HP: 15/23 MP: 4/4
   410 | D:1      | Reached XP level 3. HP: 13/28 MP: 5/5
  1050 | D:2      | Reached skill level 1 in Stealth
  1276 | D:2      | Found an iron altar of Okawaru.
  1313 | D:2      | Reached XP level 4. HP: 34/35 MP: 7/7
  2158 | D:3      | Found a bloodstained altar of Trog.
  2299 | D:3      | Reached skill level 3 in Dodging
  2306 | D:3      | Found a sacrificial altar of Ru.
  2327 | D:3      | Reached XP level 5. HP: 40/41 MP: 8/8
  2711 | D:3      | Found a faded altar to an unknown god.
  2718 | D:3      | Became a worshipper of Ru the Awakened
  2739 | D:3      | Gained mutation: You cannot study or cast Fire magic. [Ru sacrifice]
  2739 | D:3      | Gained mutation: You cannot study or cast Transmutations magic. [Ru sacrifice]
  2739 | D:3      | Gained mutation: You cannot study or cast Translocations magic. [Ru sacrifice]
  2739 | D:3      | Reached * piety under Ru
  3553 | D:4      | Reached XP level 6. HP: 18/49 MP: 9/9
  3754 | D:4      | Found a glowing drain.
  3765 | Sewer    | Entered a sewer
  4313 | Sewer    | Reached skill level 4 in Dodging
  4501 | Sewer    | Your scales start taking on a dull iron-grey colour.
  4501 | Sewer    | Reached XP level 7. HP: 31/56 MP: 10/10
  4501 | Sewer    | Gained mutation: You can survive without breathing. [Grey Draconian growth]
  4721 | Sewer    | Reached skill level 5 in Dodging
  4802 | D:4      | Found a deep blue altar of Sif Muna.
  5031 | D:5      | Entered Level 5 of the Dungeon
  5107 | D:5      | Found a shadowy altar of Dithmenos.
  5224 | D:5      | Reached XP level 8. HP: 52/66 MP: 11/11
  5321 | D:5      | Found a radiant altar of Vehumet.
  5322 | D:5      | Gained mutation: You are clumsy. (Dex -2) [Ru sacrifice]
  5323 | D:5      | Found a burning altar of Makhleb.
  5365 | D:5      | Noticed Dowan
  5366 | D:5      | Noticed Duvessa
  5384 | D:5      | Killed Dowan
  5392 | D:5      | Killed Duvessa
  5601 | D:5      | Found an ancient bone altar of Kikubaaqudgha.
  5848 | D:6      | Reached skill level 5 in Short Blades
  5848 | D:6      | Reached skill level 6 in Dodging
  5850 | D:6      | Noticed Eustachio
  5875 | D:6      | Killed Eustachio
  6102 | D:6      | Noticed Blork the orc
  6107 | D:6      | Killed Blork the orc
  6138 | D:6      | Reached skill level 5 in Fighting
  6144 | D:6      | Noticed Grinder
  6151 | D:6      | Killed Grinder
  6151 | D:6      | Reached skill level 7 in Dodging
  6151 | D:6      | Reached XP level 9. HP: 64/74 MP: 12/12
  6486 | D:6      | Found a staircase to the Ecumenical Temple.
  6698 | D:7      | Noticed Pikel
  6745 | D:7      | Killed Pikel
  6745 | D:7      | Reached skill level 5 in Stealth
  6827 | D:7      | Gained mutation: You regenerate slowly when monsters are visible. [Ru sacrifice]
  6827 | D:7      | Reached ** piety under Ru
  7021 | D:7      | Found an opulent altar of Gozag.
  7254 | D:7      | Reached skill level 8 in Dodging
  7323 | D:7      | Learned a level 1 spell: Magic Dart
  7518 | D:7      | Found a blossoming altar of Fedhas.
  7528 | D:7      | Found a stormy altar of Qazlal.
  7677 | D:8      | Found a shattered altar of Ashenzari.
  7759 | D:8      | Reached XP level 10. HP: 69/84 MP: 13/13
  8259 | D:8      | Found a white marble altar of Elyvilon.
  8677 | D:8      | Gained mutation: You passively map a small area around you. [mutagenic meat]
  8853 | D:9      | Found a staircase to the Lair.
  8922 | Lair:1   | Entered Level 1 of the Lair of Beasts
  8934 | Lair:1   | Gained mutation: You are hated by all. [Ru sacrifice]
  8934 | Lair:1   | Reached *** piety under Ru
  9068 | Lair:1   | Learned a level 1 spell: Corona
  9332 | Lair:1   | Reached skill level 9 in Dodging
  9361 | Lair:1   | Slain by a yak

Skill      XL: |  1  2  3  4  5  6  7  8  9 10 |
---------------+-------------------------------+-----
Dodging        | 2 3 4 5 7 8 9 |  9.0
Evocations     | 4 |  4.0
Stealth        | 1 2 3 4 5 6 |  6.2
Short Blades   | 2 3 4 5 7 |  7.9
Fighting       | 2 3 5 6 7 |  7.1
Throwing       | |  0.8

Action                   |  1- 3 |  4- 6 |  7- 9 | 10-12 || total
-------------------------+-------+-------+-------+-------++-------
Melee: Dagger            |    70 |   256 |   387 |   261 ||   974
       Tailslap          |     5 |    25 |    41 |    36 ||   107
 Fire: Blowgun           |       |       |     3 |       ||     3
 Cast: Magic Dart        |       |       |     1 |       ||     1
Invok: Sacrifice Arcana  |       |     1 |       |       ||     1
       Sacrifice Purity  |       |       |     2 |       ||     2
       Sacrifice Love    |       |       |       |     1 ||     1
Evoke: Wand              |    17 |    28 |    34 |     9 ||    88
  Use: Potion            |     2 |     7 |     2 |       ||    11
       Scroll            |     2 |    13 |     7 |       ||    22
 Stab: Invisible         |     1 |     1 |       |     1 ||     3
       Sleeping          |       |     2 |     3 |     4 ||     9
       Paralysed         |       |     1 |       |       ||     1
       Distracted        |       |       |     4 |     2 ||     6
  Eat: Chunk             |     1 |     7 |     6 |     4 ||    18
       Bread ration      |       |     1 |       |       ||     1
       Meat ration       |       |       |     1 |       ||     1
       Royal jelly       |       |       |       |     1 ||     1
Armor: Skin              |    19 |    93 |   121 |    69 ||   302
Dodge: Dodged            |    31 |   152 |   207 |   154 ||   544
